PL
CHICAGO GOLD SOX @ TOLEDO TITANS
08/09/2021
 
TOP OF THE 1ST
Chicago Gold Sox batting - Pitching for Toledo Titans : RHP Edgar Martínez
Pitching: RHP Edgar Martínez
Batting: LHB Noel Ballard 0-0: Called Strike
0-1: SINGLE (Groundball, 34D)
Batting: LHB William Wise 0-0: Reached on Error, E8 (Flyball, 8RS)
Noel Ballard to second
Batting: LHB Herman Hayes 0-0: Ball
1-0: SINGLE (Line Drive, 5L)
Noel Ballard to third
William Wise to second
Runner from 3rd tries for Home, SAFE, no throw or cutoff
Batting: LHB Michael Neely 0-0: Called Strike
0-1: Swinging Strike
0-2: Ball
1-2: Fielders Choice at 2nd, 3-6 (Groundball, 3)
William Wise to third
Batting: LHB Do-hyung Nam 0-0: Ball
1-0: Ball
2-0: Ball
3-0: Called Strike
3-1: Grounds into double play, 4-6-3 (Groundball, 34)
Top of the 1st over - 1 run(s), 2 hit(s), 1 error(s), 1 left on base; Chicago 1 - Toledo 0
BOTTOM OF THE 1ST
Toledo Titans batting - Pitching for Chicago Gold Sox : RHP Ralph McKinney
Pitching: RHP Ralph McKinney
Batting: RHB Juan Ramos 0-0: Ball
1-0: Foul Ball, location: 2F
1-1: Called Strike
1-2: Fly out, F3 (Popup, 3SF)
Batting: SHB Mustapha Gonzales 0-0: Called Strike
0-1: Called Strike
0-2: Ball
1-2: Strikes out swinging
Batting: RHB Donald Thompson 0-0: Called Strike
0-1: Called Strike
0-2: Ball
1-2: Strikes out swinging
Bottom of the 1st over - 0 run(s), 0 hit(s), 0 error(s), 0 left on base; Chicago 1 - Toledo 0
TOP OF THE 2ND
Chicago Gold Sox batting - Pitching for Toledo Titans : RHP Edgar Martínez
Batting: RHB Chris Smith 0-0: Fly out, F3 (Popup, 23F)
Batting: RHB Tyrone Scott 0-0: Ball
1-0: Ground out 5-3 (Groundball, 5S)
Batting: LHB Alfonso Martínez 0-0: Ball
1-0: Called Strike
1-1: Ball
2-1: Ground out 4-3 (Groundball, 4M)
Top of the 2nd over - 0 run(s), 0 hit(s), 0 error(s), 0 left on base; Chicago 1 - Toledo 0
BOTTOM OF THE 2ND
Toledo Titans batting - Pitching for Chicago Gold Sox : RHP Ralph McKinney
Batting: RHB Juan Orozco 0-0: Fly out, F8 (Flyball, 8RM)
Batting: LHB Chris West 0-0: Foul Ball, location: 2F
0-1: Ball
1-1: SOLO HOME RUN (Flyball, 78XD), Distance : 436 ft
Batting: RHB Anthony Johnston 0-0: Ball
1-0: Swinging Strike
1-1: Fly out, F2 (Popup, 2RF)
Batting: RHB Sherman Davis 0-0: Ground out 2-3 (Groundball, 25)
Bottom of the 2nd over - 1 run(s), 1 hit(s), 0 error(s), 0 left on base; Chicago 1 - Toledo 1
TOP OF THE 3RD
Chicago Gold Sox batting - Pitching for Toledo Titans : RHP Edgar Martínez
Batting: RHB David Edwards 0-0: Called Strike
0-1: Foul Ball, location: 2F
0-2: Ball
1-2: Ball
2-2: Ground out 6-3 (Groundball, 6)
Batting: LHB Noel Ballard 0-0: Foul Ball, location: 2F
0-1: Called Strike
0-2: Ball
1-2: Ground out 5-3 (Groundball, 5)
Batting: LHB William Wise 0-0: Swinging Strike
0-1: Foul Ball, location: 2F
0-2: Ball
1-2: Ball
2-2: Foul Ball, location: 2F
2-2: Foul Ball, location: 2F
2-2: Ball
3-2: Foul Ball, location: 2F
3-2: Foul Ball, location: 2F
3-2: Ground out 3-1 (Groundball, 34)
Top of the 3rd over - 0 run(s), 0 hit(s), 0 error(s), 0 left on base; Chicago 1 - Toledo 1
BOTTOM OF THE 3RD
Toledo Titans batting - Pitching for Chicago Gold Sox : RHP Ralph McKinney
Batting: RHB Brad Brown 0-0: Ball
1-0: Ball
2-0: Ground out 1-3 (Groundball, 23)
Batting: LHB Iván Gonzáles 0-0: Ball
1-0: Swinging Strike
1-1: Swinging Strike
1-2: Strikes out looking
Batting: RHB Juan Ramos 0-0: Foul Ball, location: 2F
0-1: Foul Ball, location: 2F
0-2: Ground out 6-3 (Groundball, 6)
Bottom of the 3rd over - 0 run(s), 0 hit(s), 0 error(s), 0 left on base; Chicago 1 - Toledo 1
TOP OF THE 4TH
Chicago Gold Sox batting - Pitching for Toledo Titans : RHP Edgar Martínez
Batting: LHB Herman Hayes 0-0: Called Strike
0-1: Fly out, F9 (Flyball, 89D)
Batting: LHB Michael Neely 0-0: Ball
1-0: Ground out 6-3 (Groundball, 6)
Batting: LHB Do-hyung Nam 0-0: Ball
1-0: Ground out 4-3 (Groundball, 34)
Top of the 4th over - 0 run(s), 0 hit(s), 0 error(s), 0 left on base; Chicago 1 - Toledo 1
BOTTOM OF THE 4TH
Toledo Titans batting - Pitching for Chicago Gold Sox : RHP Ralph McKinney
Batting: SHB Mustapha Gonzales 0-0: Foul Ball, location: 2F
0-1: Ball
1-1: Ball
2-1: Swinging Strike
2-2: Strikes out swinging
Batting: RHB Donald Thompson 0-0: Foul Ball, location: 2F
0-1: Ball
1-1: Foul Ball, location: 2F
1-2: SINGLE (Line Drive, 6MD)
Batting: RHB Juan Orozco 0-0: DOUBLE (Line Drive, 9LS)
Donald Thompson to third
Batting: LHB Chris West 0-0: Fly out, F2 (Popup, 2LF)
Batting: RHB Anthony Johnston 0-0: Ball
1-0: Called Strike
1-1: Swinging Strike
1-2: Ball
2-2: Strikes out swinging
Bottom of the 4th over - 0 run(s), 2 hit(s), 0 error(s), 2 left on base; Chicago 1 - Toledo 1
TOP OF THE 5TH
Chicago Gold Sox batting - Pitching for Toledo Titans : RHP Edgar Martínez
Batting: RHB Chris Smith 0-0: Ball
1-0: Swinging Strike
1-1: Ball
2-1: Ground out 4-3 (Groundball, 4)
Batting: RHB Tyrone Scott 0-0: Called Strike
0-1: Called Strike
0-2: Ground out 6-3 (Groundball, 6)
Batting: LHB Alfonso Martínez 0-0: Ball
1-0: Ball
2-0: Foul Ball, location: 2F
2-1: Fly out, F8 (Line Drive, 8RM)
Top of the 5th over - 0 run(s), 0 hit(s), 0 error(s), 0 left on base; Chicago 1 - Toledo 1
BOTTOM OF THE 5TH
Toledo Titans batting - Pitching for Chicago Gold Sox : RHP Ralph McKinney
Batting: RHB Sherman Davis 0-0: Ball
1-0: Ball
2-0: Called Strike
2-1: Fly out, F7 (Flyball, 7M)
Batting: RHB Brad Brown 0-0: Swinging Strike
0-1: Ball
1-1: Ball
2-1: Foul Ball, location: 2F
2-2: Strikes out swinging
Batting: LHB Iván Gonzáles 0-0: Ball
1-0: Ball
2-0: Ball
3-0: Called Strike
3-1: Base on Balls
Batting: RHB Juan Ramos 0-0: Ball
1-0: Called Strike
1-1: Ball
2-1: Ground out 5-3 (Groundball, 56)
Bottom of the 5th over - 0 run(s), 0 hit(s), 0 error(s), 1 left on base; Chicago 1 - Toledo 1
TOP OF THE 6TH
Chicago Gold Sox batting - Pitching for Toledo Titans : RHP Edgar Martínez
Batting: RHB David Edwards 0-0: Ball
1-0: Ball
2-0: DOUBLE (Flyball, 8LXD)
Batting: LHB Noel Ballard 0-0: Intentional Walk
Batting: LHB William Wise 0-0: Foul Ball, location: 2F
0-1: Ball
1-1: Foul Ball, location: 2F
1-2: Fly out, F9 (Flyball, 9M)
Batting: LHB Herman Hayes 0-0: Foul Ball, location: 2F
0-1: Ball
1-1: SINGLE (Groundball, 34)
David Edwards to third
Noel Ballard to second
Runner from 3rd tries for Home, SAFE, throw made home
Noel Ballard to third
Herman Hayes to second
Batting: LHB Michael Neely 0-0: Intentional Walk
Pitching: RHP Angus Barlow
Batting: LHB Do-hyung Nam 0-0: Ball
1-0: Called Strike
1-1: Ball
2-1: Fly out, F9 (Flyball, 89D)
Runner from 3rd tags up, SCORES, no throw
Herman Hayes to third
Batting: RHB Chris Smith 0-0: Called Strike
0-1: Foul Ball, location: 2F
0-2: Foul Ball, location: 2F
0-2: Strikes out swinging
Top of the 6th over - 2 run(s), 2 hit(s), 0 error(s), 2 left on base; Chicago 3 - Toledo 1
BOTTOM OF THE 6TH
Toledo Titans batting - Pitching for Chicago Gold Sox : RHP Ralph McKinney
Batting: SHB Mustapha Gonzales 0-0: Ball
1-0: Called Strike
1-1: Ball
2-1: Fly out, F6 (Popup, 7S)
Batting: RHB Donald Thompson 0-0: Fly out, F3 (Popup, 3F)
Batting: RHB Juan Orozco 0-0: Called Strike
0-1: Called Strike
0-2: Ball
1-2: Strikes out swinging
Bottom of the 6th over - 0 run(s), 0 hit(s), 0 error(s), 0 left on base; Chicago 3 - Toledo 1
TOP OF THE 7TH
Chicago Gold Sox batting - Pitching for Toledo Titans : RHP Angus Barlow
Batting: RHB Tyrone Scott 0-0: Ball
1-0: Foul Ball, location: 2F
1-1: Swinging Strike
1-2: Ball
2-2: Foul Ball, location: 2F
2-2: Ball
3-2: Foul Ball, location: 2F
3-2: Foul Ball, location: 2F
3-2: Foul Ball, location: 2F
3-2: Strikes out swinging, 2-3 out at first.
Batting: LHB Alfonso Martínez 0-0: Ball
1-0: Foul Ball, location: 2F
1-1: Called Strike
1-2: Ball
2-2: Foul Ball, location: 2F
2-2: Ground out 4-3 (Groundball, 4)
Batting: RHB David Edwards 0-0: Called Strike
0-1: Called Strike
0-2: Foul Ball, location: 2F
0-2: Strikes out swinging
Top of the 7th over - 0 run(s), 0 hit(s), 0 error(s), 0 left on base; Chicago 3 - Toledo 1
BOTTOM OF THE 7TH
Toledo Titans batting - Pitching for Chicago Gold Sox : RHP Ralph McKinney
Batting: LHB Chris West 0-0: Called Strike
0-1: Fly out, F8 (Flyball, 8RXD)
Batting: RHB Anthony Johnston 0-0: Called Strike
0-1: Foul Ball, location: 2F
0-2: Ball
1-2: Foul Ball, location: 2F
1-2: Ball
2-2: DOUBLE (Line Drive, 78M)
Batting: RHB Sherman Davis 0-0: Ball
1-0: Foul Ball, location: 2F
1-1: Foul Ball, location: 2F
1-2: Ball
2-2: Ball
3-2: Foul Ball, location: 2F
3-2: Base on Balls
Pinch Hitting: SHB Virgil Eberle 0-0: Ball
1-0: Ball
2-0: Ball
3-0: Base on Balls
Anthony Johnston to third
Sherman Davis to second
Pitching: LHP Juan Júlio
Pinch Hitting: RHB Pablo Trujillo 0-0: Foul Ball, location: 2F
0-1: Fly out, F9 (Line Drive, 89S)
Batting: RHB Juan Ramos 0-0: Swinging Strike
0-1: Called Strike
0-2: Ball
1-2: Foul Ball, location: 2F
1-2: Strikes out swinging
Bottom of the 7th over - 0 run(s), 1 hit(s), 0 error(s), 3 left on base; Chicago 3 - Toledo 1
TOP OF THE 8TH
Chicago Gold Sox batting - Pitching for Toledo Titans : RHP Angus Barlow
Now at 3B: Pablo Trujillo
Now in RF: Virgil Eberle
Batting: LHB Noel Ballard 0-0: Swinging Strike
0-1: Ball
1-1: Foul Ball, location: 2F
1-2: Ball
2-2: Strikes out looking
Batting: LHB William Wise 0-0: Fly out, F8 (Line Drive, 8LM)
Batting: LHB Herman Hayes 0-0: Called Strike
0-1: Ball
1-1: Ground out 5-3 (Groundball, 56S)
Top of the 8th over - 0 run(s), 0 hit(s), 0 error(s), 0 left on base; Chicago 3 - Toledo 1
BOTTOM OF THE 8TH
Toledo Titans batting - Pitching for Chicago Gold Sox : LHP Juan Júlio
Now in RF: Daryl Lloyd
Batting: SHB Mustapha Gonzales 0-0: Ball
1-0: Ball
2-0: Foul Ball, location: 2F
2-1: Ball
3-1: Called Strike
3-2: SINGLE (Line Drive, 56D)
Batting: RHB Donald Thompson 0-0: Called Strike
0-1: Ball
1-1: Fly out, F2 (Popup, 2LF)
Batting: RHB Juan Orozco 0-0: Ball
1-0: Ball
2-0: Foul Ball, location: 2F
2-1: Ball
3-1: Swinging Strike
3-2: Fly out, F7 (Flyball, 78M)
Batting: LHB Chris West 0-0: Called Strike
0-1: Foul Ball, location: 2F
0-2: Ball
1-2: Ball
2-2: Strikes out swinging
Bottom of the 8th over - 0 run(s), 1 hit(s), 0 error(s), 1 left on base; Chicago 3 - Toledo 1
TOP OF THE 9TH
Chicago Gold Sox batting - Pitching for Toledo Titans : RHP Angus Barlow
Batting: LHB Michael Neely 0-0: Ball
1-0: Ball
2-0: Ball
3-0: Base on Balls
Pitching: RHP Burt Booth
Batting: LHB Do-hyung Nam 0-0: Ball
1-0: Ball
2-0: Foul Ball, location: 2F
2-1: Foul Ball, location: 2F
2-2: Strikes out swinging
Batting: RHB Chris Smith 0-0: Called Strike
0-1: Fielders Choice at 2nd, 1-6 (Groundball, 13S)
Batting: RHB Tyrone Scott 0-0: Ball
1-0: Ball
2-0: Ball
3-0: Base on Balls
Chris Smith to second
Pinch Hitting: LHB Chris Hill 0-0: Fly out, F9 (Line Drive, 9M)
Top of the 9th over - 0 run(s), 0 hit(s), 0 error(s), 2 left on base; Chicago 3 - Toledo 1
BOTTOM OF THE 9TH
Toledo Titans batting - Pitching for Chicago Gold Sox : LHP Juan Júlio
Pitching: LHP Motoyuki Nakamura
Now at C: Earnest Veeck
Now in LF: Rod Jones
Batting: RHB Anthony Johnston 0-0: Ball
1-0: Foul Ball, location: 2F
1-1: Ground out 4-3 (Groundball, 4)
Batting: RHB Sherman Davis 0-0: Fly out, F6 (Line Drive, 6M)
Batting: SHB Virgil Eberle 0-0: Ball
1-0: Ball
2-0: Called Strike
2-1: Foul Ball, location: 2F
2-2: Ball
3-2: Foul Ball, location: 2F
3-2: Fly out, F8 (Flyball, 8RM)
Bottom of the 9th over - 0 run(s), 0 hit(s), 0 error(s), 0 left on base; Chicago 3 - Toledo 1
This league is powered by Out of the Park Baseball, the baseball management simulation game for PC, Mac and Linux
Friday, January 22nd, 2016 - OOTP Baseball 16.9 Build 39